Map: [ESL] Ghost River

Players

Krystianer

  • Race: Protoss Protoss
  • Spawn Location: 11:00

Elazer - Winner!

  • Race: Zerg Zerg
  • Spawn Location: 1:00

Event: ESL SC2 Masters 2024 Spring (Regional)

VOD

Have the link to the VOD?

Description

Time

  • Played on: April 26, 2024, 12:37 p.m.
  • Length: 5:05

All games in this series

Show
View Real Time Build Order
Export as new Build Order

Krystianer Protoss 

Build Orders: 1 Gate Expand, Oracle Opening 

Get SALT Encoding   

  12  0:00  Probe  
  13  0:12  Probe  
  14  0:18  Pylon  
  14  0:24  Probe (Chrono Boost)  
  15  0:37  Probe (Chrono Boost)  
  15  0:40  Gateway  
  16  0:44  Probe (Chrono Boost)  
  16  0:49  Assimilator  
  17  0:53  Probe  
  18  1:06  Probe  
  19  1:18  Probe  
  20  1:26  Nexus  
  20  1:36  Cybernetics Core  
  20  1:39  Probe  
  21  1:44  Assimilator  
  21  1:51  Probe  
  22  1:54  Pylon  
  22  2:03  Probe  
  23  2:10  Adept (Chrono Boost)  
  23  2:15  Probe  
  26  2:20  Stargate  
  26  2:26  Warp Gate  
  26  2:28  Probe (Chrono Boost)  
  26  2:30  Adept (Chrono Boost)  
  28  2:38  Probe (Chrono Boost)  
  30  2:48  Probe x2 (Chrono Boost)  
  31  2:53  Probe (Chrono Boost)  
  31  2:55  Probe  
  33  3:01  Gateway  
  33  3:04  Probe  
  34  3:08  Probe  
  34  3:10  Oracle (Chrono Boost)  
  35  3:17  Probe  
  39  3:20  Probe  
  39  3:21  Adept  
  42  3:29  Probe  
  42  3:33  Probe  
  44  3:39  Gateway  
  44  3:41  Probe  
  41  3:45  Probe  
  42  3:49  Pylon  
  42  3:50  Assimilator  
  42  3:52  Assimilator  
  42  3:53  Probe  
  42  3:55  Robotics Facility  
  43  3:57  Probe  
  44  4:03  Pylon  
  44  4:05  Twilight Council, Probe  
  44  4:09  Probe  
  46  4:17  Probe  
  46  4:18  Adept  
  46  4:19  Adept  
  46  4:21  Probe  
  49  4:29  Probe  
  50  4:33  Probe  
  50  4:39  Adept x2  
  47  4:45  Probe  
  47  4:47  Probe  
Show
View Real Time Build Order
Export as new Build Order

Elazer Zerg - Winner!

Build Orders: Pool First 

Get SALT Encoding   

  12  0:00  Drone  
  13  0:12  Overlord  
  13  0:16  Drone  
  14  0:30  Drone x2  
  14  0:34  Drone  
  17  0:45  Drone, Extractor  
  17  0:49  Spawning Pool  
  16  0:56  Drone  
  17  1:14  Hatchery  
  17  1:18  Drone  
  17  1:22  Drone  
  18  1:36  Zergling x2  
  18  1:37  Queen  
  21  1:44  Metabolic Boost  
  21  1:50  Overlord  
  21  1:54  Drone  
  22  2:08  Zergling x2  
  22  2:13  Drone  
  24  2:25  Drone  
  24  2:27  Lair  
  25  2:33  Drone x2  
  27  2:40  Queen  
  27  2:42  Drone  
  30  2:47  Zergling x8  
  33  2:51  Zergling x2  
  34  2:59  Overlord  
  34  3:09  Zergling x4  
  36  3:16  Overlord  
  36  3:25  Queen  
  36  3:26  Nydus Network  
  37  3:31  Zergling x8  
  40  3:37  Zergling x4  
  40  3:49  Zergling x4  
  40  3:55  Zergling x12  
  48  4:02  Nydus Canal  
  48  4:07  Zergling x6  
  48  4:09  Zergling x2  
  51  4:18  Zergling x2  
  51  4:29  Overlord  
  51  4:42  Zergling x2  
  49  4:47  Zergling x10  
Tags
 
Add a new tag
Caveats
  • Supply blocks, unpowered buildings, or Contaminate may cause inaccurate times.
  • Supply counts are checked every 10 seconds.